 Dungeon Crawl Stone Soup version 0.29.1-12-g30fa7ad0bf (webtiles) character file.

Game seed: 2789396129413938511

969 wormed the Conjurer (level 7, -6/34 (40) HPs)
             Began as a Deep Elf Conjurer on Dec 23, 2022.
             Mangled by Edmund
             ... wielding a +4 dire flail of draining
              (16 damage)
             ... on level 5 of the Dungeon.
             The game lasted 00:12:25 (5731 turns).

wormed the Conjurer (Deep Elf Conjurer)             Turns: 5731, Time: 00:12:25

HP:   -6/34 (40)    AC:  6    Str:  4    XL:     7   Next: 94%
MP:   2/16          EV: 12    Int: 25    God:
Gold: 237           SH:  4    Dex: 13    Spells: 12/15 levels left

rFire   . . .      SeeInvis .   k - +0 rapier
rCold   . . .      Faith    .   j - +0 buckler
rNeg    . . .      Spirit   .   y - +0 leather armour
rPois   .          Reflect  .   w - +1 helmet
rElec   .          Harm     .   (no cloak)
rCorr   .          Rampage  .   (no gloves)
Will    .....                   s - +0 pair of boots
Stlth   ++........              (no amulet)
HPRegen 0.11/turn               (no ring)
MPRegen 0.15/turn               (no ring)

@: heavily drained
A: no striking features
a: no special abilities


You were on level 5 of the Dungeon.
You visited 1 branch of the dungeon, and saw 5 of its levels.

You collected 237 gold pieces.

Inventory:

Hand Weapons
 k - a +0 rapier (weapon)
Armour
 j - a +0 buckler (worn)
 s - a +0 pair of boots (worn)
 w - a +1 helmet (worn)
 y - a +0 leather armour (worn)
Jewellery
 f - an amulet of guardian spirit
 h - an amulet of the acrobat
Scrolls
 a - a scroll of torment {unknown}
 d - 2 scrolls of poison {unknown}
 e - 2 scrolls of enchant weapon {unknown}
 l - 2 scrolls of amnesia {unknown}
 o - 2 scrolls of identify {unknown}
 p - a scroll of vulnerability {unknown}
 q - a scroll of magic mapping {unknown}
 r - 2 scrolls of teleportation {unknown}
 t - a scroll of blinking {unknown}
 v - a scroll of enchant armour {unknown}
 z - a scroll of immolation {unknown}
Potions
 b - a potion of magic
 c - 2 potions of flight {unknown}
 g - a potion of curing {unknown}
 i - a potion of mutation {unknown}
 m - 3 potions of heal wounds {unknown}
 n - a potion of cancellation {unknown}
 u - 2 potions of ambrosia {unknown}
 x - a potion of berserk rage {unknown}


   Skills:
 + Level 2.4 Fighting
 + Level 2.3 Armour
 + Level 4.6 Dodging
 - Level 2.4 Stealth
 + Level 2.1 Shields
 + Level 4.9 Spellcasting
 + Level 6.1 Conjurations
 * Level 4.3 Fire Magic


You had 12 spell levels left.
You knew the following spells:

 Your Spells              Type           Power      Damage    Failure   Level
a - Magic Dart            Conj           100%       1d8       1%          1
b - Searing Ray           Conj           72%        2d7       2%          2

Your spell library contained the following spells:

 Spells                   Type           Power      Damage    Failure   Level
 Conjure Flame            Conj/Fire      32%        6-21      7%          3
 Dazzling Flash           Conj/Hex       42%        N/A       17%         3
 Sticky Flame             Conj/Fire      32%        2d5       22%         4
 Ignite Poison            Fire/Tmut/Pois 13%        N/A       32%         3
 Fulminant Prism          Conj/Hex       10%        3d9       50%         4
 Iskenderun's Mystic Bla  Conj/Tloc      21%        2d6       50%         4


Dungeon Overview and Level Annotations

Branches:
Dungeon (5/15)
 Temple: D:4-7

Altars:
Ashenzari
Cheibriados
Dithmenos
Hepliaklqana
The Shining One

Annotations:
D:5 3 runed translucent doors, Edmund; lotum's ghost, novice OpTm


Message History

Edmund is heavily wounded. (Press . to maintain the ray.) Edmund hits you with a +4 dire flail of draining!
You feel drained.
The searing ray hits Edmund.
Edmund is severely wounded.
You block Edmund's attack.
The searing ray hits Edmund but does no damage.
Edmund is severely wounded.
Edmund barely misses you.
Without enough magic to sustain it, your searing ray dissipates.
Edmund hits you with a +4 dire flail of draining!
You feel drained.
* * * LOW HITPOINT WARNING * * *
You see here a stone.
Edmund attacks as you move away! Edmund closely misses you.
Press: ? - help, v - describe, . - travel
Here: Edmund, wielding a +4 dire flail of draining and wearing a +0 chain mail (heavily wounded)
The floor.
Edmund closely misses you.
You start removing your amulet.
You continue taking off your amulet of guardian spirit.
Edmund closely misses you.
You continue taking off your amulet of guardian spirit.
You block Edmund's attack.
Keep disrobing?
You continue taking off your amulet of guardian spirit.
Edmund completely misses you.
You continue taking off your amulet of guardian spirit.
Edmund closely misses you.
You finish taking off your amulet of guardian spirit.
You start putting on your amulet.
You continue putting on your amulet of the acrobat.
Edmund barely misses you.
You continue putting on your amulet of the acrobat.
You block Edmund's attack.
Keep equipping yourself?
You continue putting on your amulet of the acrobat.
Edmund hits you with a +4 dire flail of draining!
You die...

.# #.######.######..######### .#
#.##......#.........# #. .#
#.##.###..#.##......# #. .#
#.##.# #..#.###...#.# #. ##
#.##.###.).......##)### #.
#.........#.......§...# #.
####.#.##.#.≈§§≈≈≈§≈§.## #. ###
#.#.##.#.≈.......≈..####. ..#
#.#.##.#@≈.#.###.≈...##.. #.#
#......#@≈.#...#.§.#.###. #.#
###.####(§.#._.#.≈.#..#.#
#.########...###.≈.# ..#.≈.##....
............<...§§§# #.#.§.......
..####.......#.#.§§§.§...§.###...
### #.####.##.#.≈≈§≈§.≈≈≈.# ##.#
#.####)##.....§§§..... ### ##
#.#...)###...##....


You could see Edmund.

Vanquished Creatures
  A sky beast (D:4)
  3 black bears (D:5)
  2 ogres (D:5)
  A scorpion (D:4)
  3 hounds (D:5)
  An orc priest (D:5)
  3 iguanas (D:4)
  4 gnolls (D:5)
  6 adders
  3 worms
  3 dart slugs
  5 orcs (D:5)
  6 ball pythons
  2 bats
  4 endoplasms
  5 giant cockroaches
  5 goblins
  6 hobgoblins
  10 jackals
  5 quokkas
  A frilled lizard (D:1)
  7 kobolds
  5 rats
91 creatures vanquished.

Notes
Turn   | Place    | Note
-------+----------+-------------------------------------------
     0 | D:1      | wormed the Deep Elf Conjurer began the quest for the Orb.
     0 | D:1      | Reached XP level 1. HP: 10/10 MP: 6/6
   157 | D:1      | Reached XP level 2. HP: 16/16 MP: 1/8
   160 | D:1      | Learned a level 2 spell: Searing Ray
  1253 | D:1      | Found a faded altar of an unknown god.
  1614 | D:2      | Reached XP level 3. HP: 20/20 MP: 4/9
  2401 | D:3      | Reached skill level 5 in Conjurations
  2605 | D:3      | Reached XP level 4. HP: 24/24 MP: 6/11
  2843 | D:3      | Reached skill level 1 in Armour
  3141 | D:3      | Found a hazy altar of Hepliaklqana.
  3237 | D:4      | Found a glowing golden altar of the Shining One.
  3300 | D:4      | Reached skill level 1 in Fighting
  3437 | D:4      | Noticed a scorpion
  3443 | D:4      | Killed a scorpion
  3444 | D:4      | Reached skill level 1 in Fire Magic
  3444 | D:4      | Reached XP level 5. HP: 29/29 MP: 6/12
  3512 | D:4      | Reached skill level 1 in Shields
  3629 | D:4      | Noticed a sky beast
  3634 | D:4      | Killed a sky beast
  3635 | D:4      | Reached XP level 6. HP: 21/34 MP: 2/14
  4000 | D:4      | Found a snail-covered altar of Cheibriados.
  4172 | D:5      | Entered Level 5 of the Dungeon
  4192 | D:5      | Found a runed translucent gate.
  4193 | D:5      | Found a runed translucent gate.
  4193 | D:5      | Found a runed translucent gate.
  4193 | D:5      | Noticed lotum's ghost (novice OpTm)
  4491 | D:5      | Found a shadowy altar of Dithmenos.
  4780 | D:5      | Noticed Edmund
  4873 | D:5      | Reached XP level 7. HP: 39/39 MP: 7/15
  5271 | D:5      | Reached skill level 6 in Conjurations
  5666 | D:5      | Found a broken altar of Ashenzari.
  5731 | D:5      | Mangled by Edmund

Illustrated notes

Levels and vault maps discovered:
D:1:      sevenhm_arrival_forest_fort_large_2, layout_basic,
          hellmonk_ecumenical_altar_leap_of_faith
D:2:      minmay_evil_eye, layout_basic
D:3:      layout_basic, nzn_hepliaklqana_mist_gate, minmay_misc_feat_nine_boxes,
          grunt_ministairs_12
D:4:      layout_rooms, mainiacjoe_overflow_tiny_flanked, slow_altar_1
D:5:      layout_loops_corners, mainiacjoe_overflow_brackets,
          grunt_dithmenos_smoke, gammafunk_ghost_nasty_kobolds, uniq_edmund

Skill      XL: |  1  2  3  4  5  6  7 |
---------------+----------------------+-----
Dodging        | 3 4 |  4.6
Conjurations   | 5 6 |  6.1
Armour         | 1 2 |  2.3
Fighting       | 1 2 |  2.4
Fire Magic     | 1 2 3 4 |  4.3
Shields        | 1 2 |  2.1
Spellcasting   | 4 |  4.9
Stealth        | |  2.4

Action                   |  1- 3 |  4- 6 |  7- 9 || total
-------------------------+-------+-------+-------++-------
Melee: Rapier            |    10 |       |       ||    10
 Cast: Magic Dart        |    12 |       |       ||    12
       Searing Ray       |    30 |    39 |    14 ||    83
Armor: Robe              |     1 |       |       ||     1
       Leather armour    |       |     3 |     2 ||     5
Dodge: Dodged            |    13 |    17 |    12 ||    42
Block: Buckler           |     2 |     4 |     4 ||    10
